[ AOE2 MATCH · #504619837 ]
UnrankedPersians vs Sicilians
Player's team · LOSS
Rival team · WIN
[ REPLAY ANALYSIS · EXTRACTED FROM THE RECORDED GAME ]
Feudal
11:06
Castle
24:19
Imperial
41:34
| APM avg | 45.5 |
| APM peak | 96 |
| eAPM avg | 22.9 |
| Villagers / military | 88 / 59 |
Focus
⚔️ 32.7% · 🌾 67.3%
Cavalry Archer ×36 · Skirmisher ×9 · Mangonel ×6 · Archer ×3 · Militia ×3 · Monk ×2
Feudal
8:52
Castle
27:27
Imperial
—
| APM avg | 47.8 |
| APM peak | 83 |
| eAPM avg | 27.1 |
| Villagers / military | 86 / 98 |
Focus
⚔️ 35.9% · 🌾 64.1%
Serjeant ×60 · Skirmisher ×29 · Battering Ram ×6 · Scout Cavalry ×2 · Mangonel ×1
Match map
Initial resources + every placement click. Lines = walls · curves = elevation contours. ◆ gold · ⬟ stone · ● berries · ✦ relic · ◌ wall gap
Your base· Open — 6t gap
FMarcoss's base· Open — unwalled flank
Smoothed initial terrain · ◌ = detected wall gap · hover for details
Inputs per minute
— Escalus - - FMarcoss
Build order — Escalus
First 150 of 289 actions detected
| 0:00 | Queue | Villager (Male) |
| 0:01 | Queue | Villager (Male) |
| 0:01 | Build | House |
| 0:02 | Build | House |
| 0:08 | Queue | Villager (Male) |
| 0:25 | Queue | Villager (Male) |
| 0:34 | Queue | Villager (Male) |
| 1:24 | Queue | Villager (Male) |
| 1:44 | Build | Lumber Camp |
| 2:01 | Queue | Villager (Male) |
| 2:13 | Queue | Villager (Male) |
| 2:44 | Queue | Villager (Male) |
| 3:02 | Queue | Villager (Male) |
| 3:04 | Build | House |
| 3:39 | Queue | Villager (Male) |
| 4:10 | Queue | Villager (Male) |
| 4:10 | Queue | Villager (Male) |
| 4:25 | Build | Barracks |
| 4:35 | Queue | Villager (Male) |
| 5:07 | Build | House |
| 5:20 | Queue | Villager (Male) |
| 5:23 | Queue | Militia |
| 5:26 | Queue | Militia |
| 5:26 | Queue | Militia |
| 5:35 | Queue | Villager (Male) |
| 5:40 | Queue | Villager (Male) |
| 6:02 | Build | Mill |
| 6:06 | Queue | Villager (Male) |
| 6:28 | Build | Palisade Wall |
| 6:29 | Build | Palisade Wall |
| 6:30 | Build | Palisade Wall |
| 6:31 | Build | Palisade Wall |
| 6:32 | Build | Palisade Wall |
| 6:33 | Build | Palisade Wall |
| 6:36 | Queue | Villager (Male) |
| 6:57 | Queue | Villager (Male) |
| 6:58 | Build | House |
| 7:27 | Research | Loom |
| 7:59 | Queue | Villager (Male) |
| 8:32 | Queue | Villager (Male) |
| 8:35 | Build | Farm |
| 9:02 | Research | Feudal Age |
| 9:02 | Research | Feudal Age |
| 9:42 | Build | Palisade Wall |
| 10:15 | Build | Palisade Wall |
| 10:22 | Build | Palisade Wall |
| 10:49 | Queue | Villager (Male) |
| 10:50 | Queue | Villager (Male) |
| 10:52 | Build | Mining Camp |
| 10:54 | Build | House |
| 11:06 | Age | Feudal Age |
| 11:09 | Build | Archery Range |
| 11:19 | Build | House |
| 11:23 | Queue | Villager (Male) |
| 11:42 | Queue | Villager (Male) |
| 11:51 | Build | Palisade Wall |
| 11:53 | Build | Palisade Wall |
| 11:54 | Build | Palisade Wall |
| 12:01 | Queue | Villager (Male) |
| 12:03 | Build | Palisade Wall |
| 12:04 | Build | Palisade Wall |
| 12:16 | Build | Palisade Wall |
| 12:26 | Build | Watch Tower |
| 12:41 | Queue | Skirmisher |
| 12:41 | Queue | Skirmisher |
| 13:10 | Build | Farm |
| 13:12 | Build | Farm |
| 13:13 | Build | Farm |
| 13:31 | Queue | Skirmisher |
| 13:39 | Build | Farm |
| 13:42 | Build | Farm |
| 14:07 | Build | Farm |
| 14:08 | Build | Farm |
| 14:12 | Build | Palisade Wall |
| 14:19 | Queue | Archer |
| 14:30 | Queue | Villager (Male) |
| 14:44 | Queue | Skirmisher |
| 14:57 | Queue | Archer |
| 14:59 | Queue | Villager (Male) |
| 15:09 | Build | Farm |
| 15:17 | Queue | Archer |
| 15:20 | Queue | Villager (Male) |
| 15:33 | Queue | Skirmisher |
| 15:45 | Queue | Villager (Male) |
| 16:08 | Queue | Skirmisher |
| 16:08 | Queue | Villager (Male) |
| 16:17 | Build | Blacksmith |
| 16:22 | Build | House |
| 16:47 | Queue | Villager (Male) |
| 16:56 | Queue | Villager (Male) |
| 17:08 | Queue | Villager (Male) |
| 17:21 | Build | Mining Camp |
| 17:25 | Queue | Villager (Male) |
| 17:32 | Build | Farm |
| 17:53 | Build | Market |
| 18:08 | Queue | Villager (Male) |
| 18:20 | Queue | Villager (Male) |
| 18:40 | Build | Farm |
| 18:50 | Queue | Villager (Male) |
| 19:26 | Queue | Villager (Male) |
| 19:41 | Build | Watch Tower |
| 19:55 | Build | Watch Tower |
| 19:59 | Queue | Villager (Male) |
| 20:03 | Queue | Villager (Male) |
| 20:15 | Build | Palisade Wall |
| 20:16 | Build | Palisade Wall |
| 20:19 | Queue | Villager (Male) |
| 20:23 | Build | Palisade Wall |
| 20:28 | Queue | Villager (Male) |
| 20:34 | Queue | Villager (Male) |
| 20:41 | Build | Watch Tower |
| 20:50 | Queue | Villager (Male) |
| 21:54 | Research | Castle Age |
| 22:22 | Research | Fletching |
| 22:24 | Build | Farm |
| 24:03 | Build | House |
| 24:04 | Build | Palisade Wall |
| 24:15 | Build | Palisade Wall |
| 24:19 | Age | Castle Age |
| 24:21 | Queue | Villager (Male) |
| 24:32 | Build | House |
| 24:35 | Build | Palisade Wall |
| 24:39 | Queue | Villager (Male) |
| 24:43 | Queue | Villager (Male) |
| 24:49 | Build | Monastery |
| 24:52 | Queue | Villager (Male) |
| 25:07 | Build | Farm |
| 25:21 | Queue | Skirmisher |
| 25:24 | Queue | Cavalry Archer |
| 25:26 | Queue | Villager (Male) |
| 25:40 | Build | Siege Workshop |
| 25:45 | Queue | Villager (Male) |
| 25:57 | Queue | Cavalry Archer |
| 26:06 | Build | Watch Tower |
| 26:11 | Queue | Villager (Male) |
| 26:14 | Queue | Cavalry Archer |
| 26:29 | Queue | Mangonel |
| 26:39 | Queue | Cavalry Archer |
| 26:51 | Queue | Villager (Male) |
| 27:03 | Queue | Cavalry Archer |
| 27:08 | Build | Farm |
| 27:14 | Build | Farm |
| 27:18 | Build | Farm |
| 27:21 | Queue | Cavalry Archer |
| 27:22 | Queue | Cavalry Archer |
| 27:23 | Build | Palisade Wall |
| 27:25 | Queue | Villager (Male) |
| 27:27 | Build | Palisade Wall |
| 27:28 | Build | Palisade Wall |
| 27:39 | Build | Farm |
Build order — FMarcoss
First 150 of 308 actions detected
| 0:02 | Queue | Villager (Male) |
| 0:03 | Build | House |
| 0:05 | Build | House |
| 0:06 | Queue | Villager (Male) |
| 0:14 | Queue | Villager (Male) |
| 0:16 | Queue | Villager (Male) |
| 1:35 | Queue | Villager (Male) |
| 2:01 | Queue | Villager (Male) |
| 2:13 | Queue | Villager (Male) |
| 2:14 | Queue | Villager (Male) |
| 2:32 | Build | Lumber Camp |
| 2:48 | Queue | Villager (Male) |
| 3:04 | Queue | Villager (Male) |
| 3:04 | Queue | Villager (Male) |
| 3:31 | Queue | Villager (Male) |
| 3:50 | Build | House |
| 4:01 | Queue | Villager (Male) |
| 4:01 | Queue | Villager (Male) |
| 4:16 | Queue | Villager (Male) |
| 4:47 | Queue | Villager (Male) |
| 4:55 | Build | Mill |
| 5:04 | Queue | Villager (Male) |
| 5:38 | Queue | Villager (Male) |
| 6:00 | Queue | Villager (Male) |
| 6:14 | Research | Loom |
| 6:36 | Research | Feudal Age |
| 7:50 | Build | House |
| 8:37 | Build | Palisade Wall |
| 8:52 | Age | Feudal Age |
| 9:01 | Build | Donjon |
| 9:03 | Queue | Villager (Male) |
| 9:04 | Build | Palisade Wall |
| 9:11 | Build | Palisade Wall |
| 9:21 | Build | Palisade Wall |
| 9:22 | Queue | Villager (Male) |
| 9:25 | Build | Mill |
| 9:31 | Queue | Villager (Male) |
| 9:48 | Build | House |
| 9:57 | Queue | Serjeant |
| 9:57 | Queue | Serjeant |
| 9:57 | Queue | Serjeant |
| 10:17 | Build | House |
| 10:22 | Queue | Villager (Male) |
| 10:25 | Build | Farm |
| 10:26 | Build | Farm |
| 10:34 | Queue | Serjeant |
| 10:49 | Queue | Villager (Male) |
| 10:57 | Queue | Villager (Male) |
| 11:01 | Build | Archery Range |
| 11:24 | Queue | Villager (Male) |
| 11:59 | Build | Mining Camp |
| 12:14 | Queue | Skirmisher |
| 12:14 | Queue | Skirmisher |
| 12:27 | Queue | Villager (Male) |
| 12:30 | Queue | Skirmisher |
| 12:33 | Queue | Villager (Male) |
| 12:58 | Queue | Skirmisher |
| 12:58 | Queue | Villager (Male) |
| 13:32 | Queue | Villager (Male) |
| 13:34 | Build | Farm |
| 14:11 | Queue | Villager (Male) |
| 14:15 | Build | House |
| 14:20 | Build | House |
| 14:40 | Build | Farm |
| 14:41 | Build | Farm |
| 14:45 | Queue | Villager (Male) |
| 14:47 | Queue | Serjeant |
| 15:12 | Build | Farm |
| 15:15 | Build | Blacksmith |
| 15:22 | Queue | Villager (Male) |
| 15:22 | Queue | Villager (Male) |
| 16:13 | Queue | Skirmisher |
| 16:15 | Queue | Villager (Male) |
| 16:16 | Build | Farm |
| 16:31 | Build | Donjon |
| 16:57 | Research | Fletching |
| 16:57 | Research | Fletching |
| 17:03 | Build | House |
| 17:26 | Queue | Serjeant |
| 17:35 | Queue | Skirmisher |
| 17:36 | Queue | Villager (Male) |
| 17:40 | Build | Farm |
| 17:42 | Build | Farm |
| 17:46 | Build | Mining Camp |
| 17:51 | Build | Farm |
| 17:51 | Build | Farm |
| 17:58 | Build | Farm |
| 18:03 | Queue | Serjeant |
| 18:08 | Queue | Skirmisher |
| 18:09 | Queue | Skirmisher |
| 18:22 | Queue | Villager (Male) |
| 18:27 | Build | Farm |
| 18:28 | Build | Farm |
| 18:36 | Build | Palisade Wall |
| 18:53 | Research | Scale Mail Armor |
| 18:58 | Build | Farm |
| 19:29 | Queue | Serjeant |
| 19:30 | Queue | Villager (Male) |
| 19:31 | Queue | Villager (Male) |
| 19:35 | Build | Farm |
| 19:46 | Build | Donjon |
| 19:53 | Queue | Serjeant |
| 20:14 | Build | Donjon |
| 21:26 | Queue | Serjeant |
| 21:27 | Queue | Serjeant |
| 21:57 | Queue | Serjeant |
| 21:57 | Queue | Serjeant |
| 21:59 | Queue | Serjeant |
| 21:59 | Queue | Serjeant |
| 22:02 | Build | House |
| 22:03 | Build | House |
| 22:36 | Queue | Serjeant |
| 23:06 | Queue | Villager (Male) |
| 23:09 | Build | Farm |
| 23:18 | Build | Lumber Camp |
| 23:24 | Queue | Villager (Male) |
| 24:03 | Build | Market |
| 24:06 | Queue | Villager (Male) |
| 24:27 | Build | Mining Camp |
| 24:38 | Research | Horse Collar |
| 24:47 | Research | Castle Age |
| 25:03 | Queue | Serjeant |
| 25:06 | Build | Farm |
| 25:07 | Build | Farm |
| 25:09 | Build | Farm |
| 25:21 | Queue | Serjeant |
| 25:57 | Queue | Serjeant |
| 25:59 | Queue | Serjeant |
| 26:06 | Build | House |
| 26:27 | Queue | Skirmisher |
| 26:27 | Queue | Skirmisher |
| 26:28 | Queue | Skirmisher |
| 26:50 | Build | House |
| 27:27 | Age | Castle Age |
| 27:29 | Build | House |
| 27:33 | Research | Elite Skirmisher (upgrade) |
| 27:35 | Research | Bodkin Arrow |
| 27:35 | Research | Bodkin Arrow |
| 27:39 | Queue | Villager (Male) |
| 27:39 | Queue | Villager (Male) |
| 27:40 | Queue | Villager (Male) |
| 27:40 | Queue | Villager (Male) |
| 28:07 | Research | Chain Mail Armor |
| 28:10 | Queue | Skirmisher |
| 28:11 | Queue | Skirmisher |
| 28:48 | Build | Castle |
| 29:15 | Queue | Skirmisher |
| 29:48 | Queue | Skirmisher |
| 29:50 | Queue | Villager (Male) |
| 29:52 | Queue | Skirmisher |
Match timeline
| 4:25 | Escalus · first_building Barracks |
| 6:28 | Escalus · wall_segment Palisade Wall x1 |
| 6:29 | Escalus · wall_segment Palisade Wall x1 |
| 6:30 | Escalus · wall_segment Palisade Wall x1 |
| 6:31 | Escalus · wall_segment Palisade Wall x1 |
| 6:32 | Escalus · wall_segment Palisade Wall x1 |
| 6:33 | Escalus · wall_segment Palisade Wall x1 |
| 8:37 | FMarcoss · wall_segment Palisade Wall x4 |
| 8:52 | FMarcoss · age_up feudal |
| 9:01 | FMarcoss · first_building Donjon |
| 9:04 | FMarcoss · wall_segment Palisade Wall x1 |
| 9:11 | FMarcoss · wall_segment Palisade Wall x1 |
| 9:21 | FMarcoss · wall_segment Palisade Wall x4 |
| 9:42 | Escalus · wall_segment Palisade Wall x7 |
| 10:15 | Escalus · wall_segment Palisade Wall x3 |
| 10:22 | Escalus · wall_segment Palisade Wall x6 |
| 11:01 | FMarcoss · first_building Archery Range |
| 11:06 | Escalus · age_up feudal |
| 11:09 | Escalus · first_building Archery Range |
| 11:51 | Escalus · wall_segment Palisade Wall x1 |
| 11:53 | Escalus · wall_segment Palisade Wall x1 |
| 11:54 | Escalus · wall_segment Palisade Wall x1 |
| 12:03 | Escalus · wall_segment Palisade Wall x3 |
| 12:04 | Escalus · wall_segment Palisade Wall x1 |
| 12:16 | Escalus · wall_segment Palisade Wall x1 |
| 14:12 | Escalus · wall_segment Palisade Wall x3 |
| 18:36 | FMarcoss · wall_segment Palisade Wall x11 |
| 18:47 | Escalus · first_market_buy 100 food |
| 19:28 | Escalus · first_market_sell 100 wood |
| 20:15 | Escalus · wall_segment Palisade Wall x2 |
| 20:16 | Escalus · wall_segment Palisade Wall x1 |
| 20:23 | Escalus · wall_segment Palisade Wall x3 |
| 24:04 | Escalus · wall_segment Palisade Wall x3 |
| 24:15 | Escalus · wall_segment Palisade Wall x1 |
| 24:19 | Escalus · age_up castle |
| 24:35 | Escalus · wall_segment Palisade Wall x1 |
| 24:49 | Escalus · first_building Monastery |
| 25:40 | Escalus · first_building Siege Workshop |
| 27:23 | Escalus · wall_segment Palisade Wall x1 |
| 27:27 | FMarcoss · age_up castle |
| 27:27 | Escalus · wall_segment Palisade Wall x2 |
| 27:28 | Escalus · wall_segment Palisade Wall x2 |
| 28:20 | Escalus · wall_segment Palisade Wall x2 |
| 28:48 | FMarcoss · first_building Castle |
| 30:35 | FMarcoss · wall_segment Palisade Wall x1 |
| 30:35 | FMarcoss · wall_segment Palisade Wall x1 |
| 32:49 | Escalus · wall_segment Palisade Wall x5 |
| 32:51 | Escalus · wall_segment Palisade Wall x5 |
| 32:52 | Escalus · wall_segment Palisade Wall x5 |
| 32:53 | Escalus · wall_segment Palisade Wall x1 |
| 32:54 | Escalus · wall_segment Palisade Wall x1 |
| 32:54 | Escalus · wall_segment Palisade Wall x1 |
| 33:22 | FMarcoss · first_building Siege Workshop |
| 39:41 | FMarcoss · first_building Monastery |
| 41:34 | Escalus · age_up imperial |
| 42:39 | Escalus · wall_segment Palisade Wall x3 |
| 43:43 | FMarcoss · first_market_buy 100 food |
| 43:45 | Escalus · wall_segment Palisade Wall x5 |
| 45:35 | Escalus · wall_segment Palisade Wall x5 |
| 45:37 | Escalus · wall_segment Palisade Wall x1 |
| 45:53 | Escalus · wall_segment Palisade Wall x1 |
| 45:55 | Escalus · wall_segment Palisade Wall x1 |
| 45:59 | Escalus · wall_segment Palisade Wall x1 |
| 47:01 | FMarcoss · first_building Stable |
| 48:01 | Escalus · wall_segment Palisade Wall x2 |
| 50:19 | Escalus · resign |
[ AI ANALYSIS · 1 CREDIT ]
What really happened in this match?
Wolo.gg analyzes every decision: build order, eco, micro, common mistakes by bracket. Personalized analysis on WhatsApp or Discord in 30 seconds.
Civ guide
Persians
Perfil
Jugador #757980